 Dungeon Crawl Stone Soup version 0.17.0-28-g6e173f8 (webtiles) character file.

641 dorian the Firebug (level 7, -2/41 HPs)
             Began as an Octopode Fire Elementalist on Nov 23, 2015.
             Slain by an adder zombie (4 damage)
             ... on level 6 of the Dungeon.
             The game lasted 00:13:31 (5534 turns).

dorian the Firebug (Octopode Fire Elementalist)     Turns: 5534, Time: 00:13:32

Health: -2/41      AC:  1    Str:  8    XL:     7   Next: 51%
Magic:  2/10       EV:  7    Int: 19    God:
Gold:   190        SH:  0    Dex: 12    Spells: 3 memorised, 2 levels left

rFire  . . .     SeeInvis +     A - +4 dagger
rCold  . . .     Clarity  .     (no shield)
rNeg   . . .     SustAt   .     (helmet restricted)
rPois  .         Gourm    .     (no amulet)
rElec  .         Spirit   .     j - +4 ring of slaying
rCorr  .         Warding  .     m - ring of stealth
rMut   .         Stasis   .     u - ring of flight
MR     .....                    t - ring of see invisible
Stlth  ++++......               (no ring)
                                (no ring)
                                (no ring)
                                (no ring)

@: not resistant to hostile enchantments, stealthy
A: almost no armour, amphibious, 8 rings, constrict 8, camouflage 1, gelatinous
body 1
a: Evoke Flight


You were on level 6 of the Dungeon.
You were not hungry.

You visited 1 branch of the dungeon, and saw 7 of its levels.

You collected 190 gold pieces.

Inventory:

Hand Weapons
 A - a +4 dagger (weapon)
 E - a +2 dagger of speed
Armour
 q - a +2 shield
Jewellery
 j - a +4 ring of slaying (left tentacle)
 m - a ring of stealth (right tentacle)
 t - a ring of see invisible (on tentacle)
 u - a ring of flight (on tentacle)
Scrolls
 c - a scroll of immolation {unknown}
 h - 6 scrolls of identify {unknown}
 i - a scroll of enchant armour {unknown}
 o - 2 scrolls of enchant weapon {unknown}
 p - a scroll of magic mapping {unknown}
 v - a scroll of fear {unknown}
 x - 2 scrolls of fog {unknown}
 z - a scroll of blinking {unknown}
 B - 2 scrolls of amnesia {unknown}
 C - a scroll of remove curse {unknown}
 F - a scroll of noise {unknown}
Potions
 d - a potion of degeneration {unknown}
 e - 4 potions of might
 g - 2 potions of ambrosia {unknown}
 n - a potion of agility {unknown}
 r - a potion of cancellation {unknown}
 w - a potion of magic {unknown}
 G - a potion of flight {unknown}
Books
 a - a book of Flames

   Spells                             Type                      Level
   a - Flame Tongue                   Conjuration/Fire             1
   b - Throw Flame                    Conjuration/Fire             2
   c - Conjure Flame                  Conjuration/Fire             3
   d - Inner Flame                    Hexes/Fire                   3
   e - Sticky Flame                   Conjuration/Fire             4
   f - Fireball                       Conjuration/Fire             5
 s - a Young Poisoner's Handbook

   Spells                             Type                      Level
   a - Sting                          Conjuration/Poison           1
   b - Cure Poison                    Poison                       2
   c - Mephitic Cloud                 Conjuration/Poison/Air       3
   d - Olgreb's Toxic Radiance        Poison                       4
   e - Venom Bolt                     Conjuration/Poison           5
 y - a book of Enchantments

   Spells                             Type                      Level
   a - Cause Fear                     Hexes                        4
   b - Silence                        Hexes/Air                    5
   c - Deflect Missiles               Charms/Air                   6
   d - Haste                          Charms                       6
   e - Discord                        Hexes                        8
Comestibles
 b - 5 bread rations
 k - 5 meat rations
 l - 2 royal jellies
 D - 2 fruits


   Skills:
 - Level 2.0 Dodging
 - Level 2.6 Stealth
 - Level 2.0 Spellcasting
 + Level 5.5 Conjurations
 + Level 6.3 Fire Magic


You had 2 spell levels left.
You knew the following spells:

 Your Spells              Type           Power        Failure   Level  Hunger
a - Flame Tongue          Conj/Fire      ###..        1%          1    #......
b - Conjure Flame         Conj/Fire      ###.....     6%          3    ###....
c - Sticky Flame          Conj/Fire      ###.....     17%         4    #####..


Dungeon Overview and Level Annotations

Branches:
Dungeon (7/15)
 Temple: D:4-7

Altars:
Dithmenos
Qazlal

Shops:
D:4 (   D:6 !

Annotations:
D:5 Menkaure


Innate Abilities, Weirdness & Mutations

You cannot wear most types of armour.
You are amphibious.
You can wear up to eight rings at the same time.
You can use your tentacles to constrict eight enemies at once.
Your skin changes colour to match your surroundings (Stealth).
Your rubbery body absorbs attacks (AC +1).


Message History

The orc wizard hits you with an enchanted dagger.
* * * LOW HITPOINT WARNING * * *
The orc wizard misses you.
You hit the orc wizard. You grab the orc wizard.
Your squeeze misses the orc wizard.
The orc wizard is heavily wounded.
You constrict the orc wizard.
The orc wizard hits you with an enchanted dagger.
* * * LOW HITPOINT WARNING * * *
You puncture the orc wizard!
You kill the orc wizard!
The adder zombie closely misses you.
The crimson imp shouts!
The crimson imp barely misses you.
Your magical contamination has completely faded away.
The crimson imp misses you.
The crimson imp blinks!
There is a stone staircase leading up here.
The adder zombie bites you.
You die...

..# #.# #.# #.# ##.##
######...###
...........#####
#.######.?.Z@......?
#..........Z...#####
.###...5.>.......# #
#.##.##.⌠.5.#.# #.
#.#.)....∩..# # ####.
#.#.###.⌠.⌠##
##....###5#.# #.....#
...#........###.###.#
...5............# .#


You could see a crimson imp, a shadow imp, an adder zombie and a centaur
skeleton.

Vanquished Creatures
  An ogre (D:4)
  A scorpion (D:4)
  The ghost of Rayvis the Scratcher, a weakling FeFi (D:4)
  A giant frog skeleton (D:4)
  2 orc priests
  A hound (D:4)
  5 orc wizards
  A worker ant (D:5)
  An iguana (D:5)
  Robin (D:4)
  7 adders
  An ooze (D:1)
  3 worms
  3 giant geckos
  9 orcs
  8 bats
  5 giant cockroaches
  7 goblins
  9 hobgoblins
  8 kobolds
  2 quokkas
  2 giant newts
  9 rats
88 creatures vanquished.

Notes
Turn   | Place    | Note
--------------------------------------------------------------
     0 | D:1      | dorian the Octopode Fire Elementalist began the quest for the Orb.
     0 | D:1      | Reached XP level 1. HP: 11/11 MP: 3/3
   266 | D:1      | Reached XP level 2. HP: 9/17 MP: 0/5
   895 | D:1      | Reached XP level 3. HP: 21/21 MP: 3/6
  1574 | D:2      | Reached XP level 4. HP: 20/27 MP: 1/7
  2214 | D:2      | Reached skill level 4 in Fire Magic
  2525 | D:3      | Learned a level 3 spell: Conjure Flame
  2965 | D:3      | Reached XP level 5. HP: 31/31 MP: 6/8
  3178 | D:3      | Found a shadowy altar of Dithmenos.
  3470 | D:4      | Noticed Rayvis's ghost (weakling FeFi)
  3486 | D:4      | Killed Rayvis's ghost
  3755 | D:4      | Found Lusotz's Antique Weapon Emporium.
  3875 | D:4      | Reached skill level 5 in Fire Magic
  3875 | D:4      | Reached XP level 6. HP: 26/36 MP: 3/9
  4375 | D:4      | You fall through a shaft for 3 floors!
  4389 | D:6      | Found Ecwoebuw's Distillery.
  4393 | D:5      | Entered Level 5 of the Dungeon
  4441 | D:4      | Noticed Robin
  4476 | D:4      | Killed Robin
  4604 | D:4      | Reached skill level 5 in Conjurations
  4604 | D:4      | Reached XP level 7. HP: 41/41 MP: 7/10
  4854 | D:5      | Found a stormy altar of Qazlal.
  4896 | D:5      | Noticed Menkaure
  5246 | D:5      | Reached skill level 6 in Fire Magic
  5345 | D:5      | Learned a level 4 spell: Sticky Flame
  5522 | D:6      | HP: 2/41 [orc wizard/enchanted dagger (3)]
  5534 | D:6      | Slain by an adder zombie

Action                   |  1- 3 |  4- 6 |  7- 9 || total
-------------------------+-------+-------+-------++-------
Melee: Unarmed           |    19 |     3 |       ||    22
       Dagger            |       |       |     6 ||     6
 Cast: Flame Tongue      |    58 |    95 |    35 ||   188
  Use: Potion            |       |     2 |     1 ||     3
 Stab: Sleeping          |     2 |       |       ||     2
  Eat: Chunk             |     3 |     8 |     1 ||    12
       Fruit             |       |     3 |     2 ||     5
